 Dungeon Crawl Stone Soup version 0.25.0-46-gbd7b0854d2 (webtiles) character file.

Game seed: 14355845505872775587

1799 Ethylacetat the Gusty (level 9, -3/51 HPs)
             Began as an Octopode Air Elementalist on July 15, 2020.
             Was a Follower of Vehumet.
             Slain by a wolf (7 damage)
             ... on level 7 of the Dungeon.
             The game lasted 00:26:12 (7823 turns).

Ethylacetat the Gusty (Octopode Air Elementalist)   Turns: 7823, Time: 00:26:13

Health: -3/51      AC:  5    Str:  7    XL:     9   Next: 9%
Magic:  8/16       EV: 13    Int: 21    God:    Vehumet [*.....]
Gold:   367        SH:  0    Dex: 12    Spells: 12/17 levels left

rFire    . . .     SeeInvis .   r - +4 dagger
rCold    . . .     Gourm    .   (no shield)
rNeg     . . .     Faith    .   (helmet restricted)
rPois    +         Spirit   .   (no amulet)
rElec    .         Reflect  .   h - ring of protection from magic
rCorr    .         Harm     .   m - ring of poison resistance
MR       +....                  x - +4 ring of protection
Stlth    +++.......             (no ring)
HPRegen  0.17/turn              (no ring)
MPRegen  0.15/turn              (no ring)
                                (no ring)
                                (no ring)

@: no status effects
A: almost no armour, stealthy swim, amphibious, 8 rings, constrict 8, camouflage
1, gelatinous body 1
a: Renounce Religion


You were on level 7 of the Dungeon.
You worshipped Vehumet.
Vehumet was aware of your devotion.
You were not hungry.

You visited 2 branches of the dungeon, and saw 8 of its levels.

You collected 367 gold pieces.

Inventory:

Hand Weapons
 r - a +4 dagger (weapon)
Jewellery
 h - a ring of protection from magic (left tentacle)
 m - a ring of poison resistance (right tentacle)
 x - a +4 ring of protection (on tentacle)
Wands
 s - a wand of iceblast (16)
 t - a wand of enslavement (3)
 u - a wand of digging (5)
 v - a wand of paralysis (12)
 w - a wand of polymorph (8)
Scrolls
 a - a scroll of fog {unknown}
 c - 2 scrolls of amnesia {unknown}
 d - 2 scrolls of enchant weapon {unknown}
 e - 12 scrolls of identify {unknown}
 f - 2 scrolls of remove curse {unknown}
 k - a scroll of magic mapping {unknown}
 n - 2 scrolls of enchant armour {unknown}
 o - 3 scrolls of teleportation {unknown}
 q - a scroll of blinking {unknown}
Potions
 g - a potion of might
 i - 5 potions of flight
 j - a potion of ambrosia
 l - a potion of curing
Comestibles
 b - 14 rations
 p - 10 chunks of flesh


   Skills:
 - Level 2.0 Dodging
 - Level 2.6 Stealth
 + Level 4.9 Spellcasting
 * Level 7.2 Conjurations
 * Level 7.9 Air Magic


You had 12 spell levels left.
You knew the following spells:

 Your Spells              Type           Power        Failure   Level  Hunger
a - Shock                 Conj/Air       ####         1%          1    None
b - Airstrike             Air            #####.....   4%          4    ####...

Your spell library contained the following spells:

 Spells                   Type           Power        Failure   Level  Hunger
 Sandblast                Erth           #.....       11%         1    None
 Static Discharge         Conj/Air       #####...     1%          3    ##.....
 Swiftness                Chrm/Air       ###.....     3%          2    None
 Lightning Bolt           Conj/Air       #####.....   13%         5    #####..


Dungeon Overview and Level Annotations

Branches:
Dungeon (7/15)             Temple (1/1) D:4

Altars:
Cheibriados
Elyvilon
Hepliaklqana
Kikubaaqudgha
Makhleb
Qazlal
Ru
Trog
Vehumet
Wu Jian
Xom
Zin

Shops:
D:6 %   D:7 %*

Annotations:
D:4 1 runed translucent door, lun's ghost, amateur DDFi
D:5 7 runed translucent doors, Ethylacetat's ghost, novice OpAE
D:6 2 transporters, Colgate's ghost, amateur DrWz


Innate Abilities, Weirdness & Mutations

You cannot wear most types of armour.
You are very stealthy in the water. (Stealth+)
You are amphibious.
You can wear up to eight rings at the same time.
You can use your tentacles to constrict eight enemies at once.
Your skin changes colour to match your surroundings (Stealth+).
Your rubbery body absorbs attacks. (AC +1, EV +1)


Message History

The zap hits the gnoll.
You kill the gnoll!
Vehumet accepts your kill.
You feel your power returning.
The zap hits the gnoll sergeant but does no damage.
The zap hits the gnoll shaman.
The gnoll shaman is lightly wounded.
The wolf bites you.
* * * LOW HITPOINT WARNING * * *
The wolf bites you.
* * * LOW HITPOINT WARNING * * *
Casting: Shock (safe; 1% risk of failure)
Confirm with . or Enter, or press ? or * to list all spells.
Aiming: Shock (safe; 1% risk of failure)
Press: ? - help, Shift-Dir - straight line, f/p - gnoll sergeant
Aim: a gnoll sergeant, wielding a +2 spear of venom, wearing a +0 scale mail and quivering 16 poisoned darts
Okay, then.
Okay, then.
The wolf bites you!
You die...

#.###.....###.
##.............
...####..............
#............._......
.......................#
.......... ..........#
........## #.....#
........# #.@...#
##.###...####h....#
##...##...g).g...###
#....##..g########
#.........#
ggg.#.g.....##
...###.......#
.........#...#
.....#.......##


You could see a gnoll sergeant and a wolf.

Vanquished Creatures
  Duvessa (D:5)
  An orc warrior (D:7)
  An ice beast (D:5)
  The ghost of hallab the Chopper, an amateur DrBe of Trog (D:3)
  3 bullfrogs (D:6)
  A gnoll sergeant (D:7)
  Dowan (D:5)
  An oklob sapling (D:4)
  6 killer bees (D:7)
  2 howler monkeys (D:5)
  2 crimson imps (D:5)
  2 hounds
  The ghost of sinusoid the Sneak, a weakling SpEn (D:3)
  A gnoll shaman (D:7)
  An orc priest (D:4)
  A jelly (D:5)
  2 orc wizards
  A bullfrog skeleton (D:6)
  4 worker ants
  2 hound skeletons
  A mummy (D:7)
  A worker ant zombie (D:5)
  11 gnolls
  8 adders
  An adder skeleton (D:7)
  2 worms (D:2)
  2 dart slugs (D:1)
  6 leopard geckos
  27 orcs
  6 giant cockroaches
  7 goblins
  7 hobgoblins
  3 jackals
  3 quokkas
  A ball python (D:7)
  5 bats
  3 frilled lizards
  A jackal zombie (D:5)
  7 kobolds
  3 rats
  A plant (D:4)
141 creatures vanquished.

Vanquished Creatures (others)
  A worm (D:3)
  A giant cockroach (D:3)
  A goblin (D:3)
  A rat (D:3)
  5 plants (D:6)
  5 withered plants (D:3)
14 creatures vanquished.

Grand Total: 155 creatures vanquished

Notes
Turn   | Place    | Note
-------+----------+-------------------------------------------
     0 | D:1      | Ethylacetat the Octopode Air Elementalist began the quest
                  | for the Orb.
     0 | D:1      | Reached XP level 1. HP: 11/11 MP: 3/3
   343 | D:1      | Reached XP level 2. HP: 17/17 MP: 5/5
  1367 | D:1      | Reached XP level 3. HP: 19/21 MP: 6/6
  2069 | D:2      | Reached XP level 4. HP: 26/27 MP: 7/7
  2232 | D:2      | Found a white marble altar of Elyvilon.
  2548 | D:3      | Found a runed translucent gate.
  2548 | D:3      | Found a runed translucent gate.
  2548 | D:3      | Found a runed translucent gate.
  2594 | D:3      | Noticed hallab's ghost (amateur DrBe)
  2596 | D:3      | Noticed sinusoid's ghost (weakling SpEn)
  3361 | D:3      | Reached XP level 5. HP: 28/31 MP: 1/9
  3471 | D:3      | Learned a level 4 spell: Airstrike
  3711 | D:4      | Found a runed translucent door.
  3714 | D:4      | Noticed lun's ghost (amateur DDFi)
  3953 | D:4      | Found a staircase to the Ecumenical Temple.
  4000 | D:4      | Reached XP level 6. HP: 36/36 MP: 0/10
  4019 | Temple   | Entered the Ecumenical Temple
  4117 | Temple   | Became a worshipper of Vehumet
  4345 | D:4      | Got a shimmering granite ring
  4346 | D:4      | Identified the ring of Pilecs {Ice +Fly} (You found it on
                  | level 4 of the Dungeon)
  4449 | D:5      | Entered Level 5 of the Dungeon
  4454 | D:5      | Reached skill level 5 in Air Magic
  4570 | D:5      | Noticed an ice beast
  4575 | D:5      | Killed an ice beast
  4575 | D:5      | Reached XP level 7. HP: 41/41 MP: 1/12
  4726 | D:5      | Found a runed translucent door.
  4730 | D:5      | Noticed Ethylacetat's ghost (novice OpAE)
  4784 | D:5      | Noticed a soldier ant
  4790 | D:5      | Found a runed translucent gate.
  4791 | D:5      | Noticed a soldier ant
  4793 | D:5      | Found a runed translucent gate.
  4793 | D:5      | Found a runed translucent gate.
  4795 | D:5      | Found a runed translucent door.
  4795 | D:5      | Found a runed translucent door.
  4795 | D:5      | Noticed a soldier ant
  4799 | D:5      | Noticed a soldier ant
  4819 | D:5      | Found the +9 staff of Olgreb {rPois∞}
  5006 | D:5      | Noticed Dowan
  5007 | D:5      | Noticed Duvessa
  5105 | D:5      | Killed Duvessa
  5105 | D:5      | Reached skill level 5 in Conjurations
  5327 | D:5      | Killed Dowan
  5647 | D:5      | Found a shimmering altar of Xom.
  5650 | D:5      | Found a burning altar of Makhleb.
  5743 | D:5      | Found a runed translucent door.
  5822 | D:6      | Found a transporter.
  5830 | D:6      | Found a transporter.
  5831 | D:6      | Noticed Colgate's ghost (amateur DrWz)
  5839 | D:6      | Reached XP level 8. HP: 46/46 MP: 2/14
  5889 | D:6      | Found Opisoc's Food Boutique.
  6650 | D:6      | Identified the ring of Coina {rCorr Int+4 Dex+3}
  6808 | D:3      | Killed hallab's ghost
  6820 | D:3      | Killed sinusoid's ghost
  7003 | D:7      | Reached * piety under Vehumet
  7003 | D:7      | Offered knowledge of Sandblast by Vehumet.
  7170 | D:7      | Found Bocyarch's Food Shoppe.
  7255 | D:7      | HP: 1/46 [killer bee (5)]
  7619 | D:7      | Found Girgher's General Store.
  7635 | D:7      | Reached XP level 9. HP: 28/51 MP: 8/16
  7815 | D:7      | Found a snail-covered altar of Cheibriados.
  7823 | D:7      | Slain by a wolf

Illustrated notes

Levels and vault maps discovered:
D:1:      wheals_arrival_shading, layout_loops_ring
D:2:      layout_loops_ring, elyvilon_altar_5
D:3:      layout_rooms, gammafunk_ghost_cemetery, lemuel_old_faithful
D:4:      minmay_chambers_of_twos, layout_rooms, minmay_temple_entry_oklob,
          ebering_ghost_sewer_d, first_ration
D:5:      layout_basic, grunt_temple_overflow_champion_of_chaos,
          ebering_ghost_sewer_f, minmay_guarded_unrand_staff_of_olgreb,
          uniq_duvessa
D:6:      layout_loops_ring, gammafunk_ghost_gnarly_gnolls, serial_shops, shop,
          nrook_loot_triangle
D:7:      layout_cave_pools, slow_altar_1, serial_gnoll_camp,
          gnoll_camp_mini_loothouse, gnoll_camp_mini_shop, gnoll_camp_mini_hut,
          gnoll_camp_huts_basic, serial_shops, nicolae_shop_trees
Temple:   eino_temple_scatter_basement

Skill      XL: |  1  2  3  4  5  6  7  8 |
---------------+-------------------------+-----
Conjurations   | 2 3 4 5 7 |  7.2
Air Magic      | 4 5 6 7 |  7.9
Spellcasting   | 3 4 |  4.9
Dodging        | |  2.0
Stealth        | |  2.6

Action                   |  1- 3 |  4- 6 |  7- 9 || total
-------------------------+-------+-------+-------++-------
Melee: Unarmed           |    55 |       |       ||    55
       Constrict         |    15 |    18 |    15 ||    48
       Tentacles         |    15 |    11 |     7 ||    33
       Dagger            |    12 |    72 |    73 ||   157
 Cast: Shock             |    24 |    75 |    75 ||   174
       Airstrike         |       |     2 |    20 ||    22
Evoke: Wand              |       |       |     6 ||     6
  Use: Potion            |     1 |       |     7 ||     8
 Stab: Sleeping          |     8 |     2 |     3 ||    13
  Eat: Chunk             |     4 |     8 |    14 ||    26
Armor: Skin              |     4 |     9 |     5 ||    18
Dodge: Dodged            |    37 |    48 |    86 ||   171
